Description

N/A

Replay - Dynasty LE (73)

Build Order

Get SALT Encoding   

  12  0:00  Drone  
  13  0:12  Overlord  
  13  0:17  Drone  
  14  0:31  Drone x2  
  16  0:49  Hatchery  
  15  0:52  Drone x2  
  17  0:59  Drone  
  18  1:11  Extractor  
  17  1:15  Spawning Pool  
  17  1:18  Drone x2  
  18  1:28  Drone  
  20  1:51  Overlord  
  20  2:02  Queen x2, Zergling x4  
  28  2:18  Metabolic Boost  
  30  2:36  Overlord  
  31  2:41  Queen  
  33  2:56  Hatchery, Zergling x2  
  38  3:14  Pneumatized Carapace  
  39  3:21  Queen  
  39  3:26  Overlord  
  44  3:36  Overlord  
  42  4:09  Queen  
  50  4:13  Lair  
  54  4:17  Baneling Nest  
  54  4:19  Zergling x12  
  59  4:26  Zergling x2  
  76  5:02  Baneling x7  
  77  5:07  Extractor x3  
  74  5:16  Extractor  
  77  5:21  Hatchery x2  
  79  6:04  Hydralisk Den, Baneling x3  
  79  6:05  Evolution Chamber x2  
  85  6:19  Hatchery x2  
  86  6:28  Centrifugal Hooks  
  90  6:34  Hydralisk x2, Grooved Spines  
  90  6:37  Zerg Ground Armor Level 1  
  95  7:22  Hydralisk  
  92  7:26  Zerg Missile Weapons Level 1  
  107  7:44  Queen x2  
  110  7:58  Infestation Pit  
  109  8:01  Hydralisk x7  
  134  8:08  Queen  
  144  8:22  Hatchery  
  146  8:41  Muscular Augments  
Spawning Tool Build Advisor. Get it on Overwolf

Go to:

Details

  • Created by: carth3405
  • Published on: Jul 15, 2024
  • Modified on: Jul 15, 2024
  • Patch: 5.0.11
  • Difficulty: Medium
Show
View Real Time Build Order
Export as new Build Order

Comments (0)

There are no comments. Be the first!

Create an account to comment!